 Dungeon Crawl Stone Soup version 0.30-a0-414-gcb316572d5 (webtiles) character file.

Game seed: 15289258326255043313

61 McMuffin the Shield-Bearer (level 4, -11/35 HPs)
             Began as a Human Wanderer on Dec 7, 2022.
             Mangled by an ogre
             ... wielding a +0 giant spiked club
              (13 damage)
             ... on level 4 of the Dungeon.
             The game lasted 00:03:48 (517 turns).

McMuffin the Shield-Bearer (Human Wanderer)          Turns: 517, Time: 00:03:49

Health: -11/35     AC:  4    Str: 14    XL:     4   Next: 27%
Magic:  4/4        EV: 11    Int: 11    God:
Gold:   15         SH:  7    Dex: 14    Spells: 3/3 levels left

rFire   . . .      SeeInvis .    h - +4 hand axe
rCold   . . .      Faith    .    f - +2 buckler
rNeg    . . .      Spirit   .    e - +0 leather armour
rPois   .          Reflect  .    c - +0 helmet
rElec   .          Harm     .    (no cloak)
rCorr   .          Rampage  .    (no gloves)
Will    .....                    (no boots)
Stlth   +.........               (no amulet)
HPRegen 0.25/turn                (no ring)
MPRegen 0.09/turn                (no ring)

@: no status effects
A: no striking features
a: no special abilities


You were on level 4 of the Dungeon.
You visited 1 branch of the dungeon, and saw 4 of its levels.

You collected 15 gold pieces.

Inventory:

Hand Weapons
 a - a +0 dagger
 h - a +4 hand axe (weapon)
Missiles
 j - a throwing net (quivered)
Armour
 c - a +0 helmet (worn)
 e - a +0 leather armour (worn)
 f - a +2 buckler (worn)
Scrolls
 b - a scroll of butterflies
 d - a scroll of blinking
Potions
 g - 2 potions of curing
 i - a potion of haste {unknown}


   Skills:
 + Level 3.3 Fighting
 + Level 1.0 Short Blades
 + Level 0.3 Axes
 + Level 1.4 Armour
 + Level 1.3 Dodging
 + Level 5.6 Shields


You had 3 spell levels left.
You didn't know any spells.
Your spell library was empty.

Dungeon Overview and Level Annotations

Branches:
Dungeon (4/15)
 Temple: D:4-7

Altars:
Dithmenos


Message History

Things that are here:
a +0 whip; a gnoll corpse You see here a +0 club.
You see here a +0 whip.
Okay, then.
You open the door.
There is an open door here.
You open the door.
There is an open door here.
Found 8 gold pieces.
A kobold comes into view. It is wielding a +0 club.
The kobold shouts!
The kobold completely misses you.
You closely miss the kobold. The kobold hits you with a +0 club.
You hit the kobold.
You kill the kobold!
You see here a +0 club.
You open the door.
Found a quarterstaff.
There is an open door here.
An ogre comes into view. It is wielding a +0 giant spiked club.
Found a stone staircase leading down.
You see here a +0 quarterstaff.
The ogre shouts!
Found 9 gold pieces.
You block the ogre's attack.
You hit the ogre.
The ogre is moderately wounded.
You block the ogre's attack.
You slash the ogre!
The ogre is heavily wounded.
You hear the slow rusting of a very distant drain.
The ogre hits you with a +0 giant spiked club!
The ogre attacks as you move away! The ogre closely misses you.
The ogre closely misses you. The ogre attacks as you move away!
The ogre hits you with a +0 giant spiked club!
* * * LOW HITPOINT WARNING * * *
The ogre hits you with a +0 giant spiked club!
You die...

#.####...#
#+####...#
.......).#
.........##.###
..$...........#
......#'#.#.#.#
#######.#...#
#)##### #.@O..+
####....>$.#
#.####### #.#
..# ... ..#
....


You could see an ogre.

Vanquished Creatures
  An adder (D:3)
  3 gnolls (D:4)
  3 ball pythons
  4 endoplasms
  2 giant cockroaches (D:1)
  A goblin (D:1)
  4 jackals (D:2)
  A quokka (D:3)
  A kobold (D:4)
  2 rats (D:1)
22 creatures vanquished.

Notes
Turn   | Place    | Note
-------+----------+-------------------------------------------
     0 | D:1      | McMuffin the Human Wanderer began the quest for the Orb.
     0 | D:1      | McMuffin set off with the following items: a +0 dagger, a
                  | scroll of butterflies, a +0 helmet, a scroll of blinking, a
                  | +0 leather armour, a +2 buckler.
     0 | D:1      | Reached XP level 1. HP: 18/18 MP: 1/1
   100 | D:1      | Reached XP level 2. HP: 15/24 MP: 2/2
   358 | D:2      | Reached XP level 3. HP: 29/29 MP: 3/3
   359 | D:2      | Found a shadowy altar of Dithmenos.
   477 | D:4      | Reached skill level 1 in Short Blades
   477 | D:4      | Reached XP level 4. HP: 21/35 MP: 4/4
   505 | D:4      | Noticed an ogre
   515 | D:4      | HP: 1/35 [ogre/+0 giant spiked club (15)]
   517 | D:4      | Mangled by an ogre

Illustrated notes

Levels and vault maps discovered:
D:1:      minmay_arrival_stone_box, layout_basic,
          nicolae_kite_square_tiling_tiny
D:2:      layout_rooms, basic_altar, corner_web_ring
D:3:      layout_loops_corners, chequers_decorated_corner,
          kennysheep_generic_room_2
D:4:      layout_basic, nicolae_tso_carved_into_rock,
          minmay_temple_entry_slanted, portal_sewer_entry_d,
          chequers_serial_rivers_micro_e

Skill      XL: |  1  2  3 |
---------------+----------+-----
Short Blades   | 1 |  1.0
Fighting       | |  3.3
Axes           | |  0.3
Armour         | |  1.4
Dodging        | |  1.3
Shields        | |  5.6

Action                   |  1- 3 |  4- 6 || total
-------------------------+-------+-------++-------
Melee: Dagger            |    75 |       ||    75
       Hand axe          |    16 |     4 ||    20
  Use: Scroll            |     1 |       ||     1
Armor: Leather armour    |    32 |       ||    32
Dodge: Dodged            |    64 |     3 ||    67
Block: Buckler           |    44 |     2 ||    46

Table legend: (Time is in decaauts)
 A = Elapsed time spent in this place.
 B = Non-inter-level travel time spent in this place.
 C = Inter-level travel time spent in this place.
 D = Time resting spent in this place.
 E = Time spent auto-exploring this place.
 F = Levels seen in this place.
 G = Mean time per level.
                   A        B        C        D        E       F      G
               +--------+--------+--------+--------+--------+-----+--------+
         Total |    525 |    525 |      0 |    114 |      0 |   4 |  131.2 |
       Dungeon |    525 |    525 |      0 |    114 |      0 |   4 |  131.2 |
               +--------+--------+--------+--------+--------+-----+--------+

Top non-repeatable levels by time:
     D:1: 223 daAuts
     D:2: 164 daAuts
     D:3: 80 daAuts
     D:4: 56 daAuts
